General information
- name: BNet
- type: Ladder 1vs1/FFA
- host: Battle.net
- saver: GODIEPLZ
map: SecretValley
- players: 2
- length: 11:11
- speed: Fast
- version: 1.26 W3XP
- replay type: Public
» download(44 KB)
Players
team 1 (loser)
ViBRaTo[iJaG] (
yellow | 76 APM | 842 actions | 11:08)
2 Demon Hunter
1 Mana Burn
1 Evasion
1 Beastmaster
1 Summon Quilbeast
» actions
| Basic commands | 11 | |
| Build / train | 36 | |
| Enter build submenu | 18 | |
| Enter hero's abilities submenu | 3 | |
| Remove unit from queue | 1 | |
| Right click | 512 | |
| Select / deselect | 213 | |
| Use ability | 48 | |
842 total
» units
» upgrades
| Druid of the Talon Training | 2 | |
2 total
» buildings
| Altar of Elders | 1 | |
| Moon Well | 6 | |
| Hunter's Hall | 1 | |
| Ancient of War | 2 | |
| Tree of Ages | 1 | |
| Ancient Protector | 2 | |
| Ancient of Wonders | 2 | |
| Ancient of Wind | 2 | |
| Tree of Eternity | 1 | |
18 total
» build order
00:09 Altar of Elders
00:19 Moon Well
01:14 Moon Well
01:48 Hunter's Hall
02:02 Ancient of War
02:16 Ancient of War
02:36 Moon Well
03:05 Tree of Ages
03:38 Ancient Protector
04:14 Moon Well
05:51 Moon Well
05:58 Ancient of Wonders
06:09 Ancient of Wind
06:23 Tree of Eternity
06:54 Ancient of Wind
06:58 Moon Well
08:55 Ancient Protector
09:15 Ancient of Wonders
team 2 (winner)
GODIEPLZ (
purple | 144 APM | 1618 actions | 11:11)
3 Blademaster
1 Wind Walk
2 Critical Strike
2 Goblin Tinker
1 Pocket Factory
1 Engineering Upgrade
» actions
| Assign group hotkey | 17 | |
| Basic commands | 40 | |
| Build / train | 40 | |
| ESC pressed | 2 | |
| Enter build submenu | 11 | |
| Enter hero's abilities submenu | 5 | |
| Right click | 888 | |
| Select / deselect | 329 | |
| Select group hotkey | 247 | |
| Use ability | 39 | |
1618 total
» units
| Peon | 7 | |
| Grunt | 8 | |
| Raider | 3 | |
| Demolisher | 1 | |
19 total
» upgrades
| Berserker Strength | 1 | |
| Ensnare | 1 | |
| Armor | 1 | |
3 total
» buildings
| Altar of Storms | 1 | |
| Orc Burrow | 4 | |
| Barracks | 1 | |
| Voodoo Lounge | 1 | |
| Stronghold | 3 | |
| War Mill | 1 | |
| Beastiary | 1 | |
| Spirit Lodge | 1 | |
13 total
» build order
00:05 Altar of Storms
00:07 Orc Burrow
00:25 Barracks
01:41 Orc Burrow
01:56 Voodoo Lounge
03:23 Stronghold
03:24 Stronghold
04:21 Orc Burrow
05:20 War Mill
06:14 Orc Burrow
06:40 Beastiary
09:01 Spirit Lodge
» items
| Lesser Clarity Potion | 4 | |
| Healing Salve | 3 | |
7 total
Chat log
(00:11 / All) ViBRaTo[iJaG]: hey bro
(00:12 / All) ViBRaTo[iJaG]: gl hf
(11:03 / All) GODIEPLZ: Dont
(11:05 / All) GODIEPLZ: build base
(11:05 / All) ViBRaTo[iJaG]: not too bad for a mher
(11:06 / All) GODIEPLZ: like that
(11:08 / All) GODIEPLZ: rofl